 Dungeon Crawl Stone Soup version 0.30-a0-116-g3b1a8e4ee4 (webtiles) character file.

Game seed: 8579826815371570078

78 frimble the Vexing (level 4, -1/33 HPs)
             Began as a Demonspawn Hexslinger on Sept 13, 2022.
             Slain by an orc
             ... wielding a +0 dagger
              (2 damage)
             ... on level 3 of the Dungeon.
             The game lasted 00:02:45 (1849 turns).

frimble the Vexing (Demonspawn Hexslinger)          Turns: 1849, Time: 00:02:46

Health: -1/33      AC:  4    Str: 11    XL:     4   Next: 15%
Magic:  6/6        EV: 13    Int: 14    God:
Gold:   56         SH:  0    Dex: 21    Spells: 5/6 levels left

rFire   . . .      SeeInvis .    a - +1 sling
rCold   . . .      Faith    .    (no shield)
rNeg    . . .      Spirit   .    c - +0 robe
rPois   .          Reflect  .    h - +0 helmet
rElec   .          Harm     .    l - +0 cloak
rCorr   .          Rampage  .    (no gloves)
Will    .....                    (no boots)
Stlth   ++........               d - amulet of magic regeneration
HPRegen 0.11/turn                i - +6 ring of dexterity
MPRegen 0.50/turn                g - ring of flight

@: flying, invisible
A: powered by death 1
a: no special abilities


You were on level 3 of the Dungeon.
You visited 1 branch of the dungeon, and saw 3 of its levels.

You collected 122 gold pieces.
You spent 66 gold pieces at shops.

Inventory:

Hand Weapons
 a - a +1 sling (weapon)
Armour
 c - a +0 robe (worn)
 h - a +0 helmet (worn)
 l - a +0 cloak (worn)
Jewellery
 d - an amulet of magic regeneration (around neck)
 g - a ring of flight (right hand)
 i - a +6 ring of dexterity (left hand)
Scrolls
 b - 2 scrolls of poison
 f - 3 scrolls of teleportation
Potions
 e - a potion of attraction
 k - a potion of haste
 n - a potion of degeneration {unknown}


   Skills:
 + Level 2.0 Fighting
 + Level 2.3 Ranged Weapons
 - Level 2.3 Dodging
 - Level 1.7 Spellcasting
 - Level 3.4 Hexes


You had 5 spell levels left.
You knew the following spells:

 Your Spells              Type           Power      Damage    Failure   Level
a - Slow                  Hex            40%        N/A       6%          1

Your spell library contained the following spells:

 Spells                   Type           Power      Damage    Failure   Level
 Inner Flame              Hex/Fire       6%         N/A       34%         3
 Portal Projectile        Hex/Tloc       12%        N/A       34%         3
 Blink                    Tloc           2%         N/A       36%         2
 Sublimation of Blood     Necr           1%         N/A       36%         2
 Wereblood                Tmut           1%         N/A       36%         2
 Cause Fear               Hex            5%         N/A       52%         4
 Lesser Beckoning         Tloc           1%         N/A       58%         3
 Manifold Assault         Tloc           1%         N/A       94%         4
 Summon Hydra             Summ           0%         N/A       100%        7


Dungeon Overview and Level Annotations

Branches:
Dungeon (3/15)

Altars:

Shops:
D:2 *?


Innate Abilities, Weirdness & Mutations

You regenerate a little health from kills.


Message History

You shoot a sling bullet. The sling bullet barely misses the orc.
The sling bullet hits the orc but does no damage.
The orc is heavily wounded.
The orc hits you but does no damage. The orc barely misses you.
Fire: a) +1 sling
Press: ? - help, Q - select action, (/) - cycle Shift-Dir - straight line, f/p - orc
Aim: an orc, wielding a +0 club and wearing a +0 chain mail (heavily wounded, 70% to hit)
You shoot a sling bullet.
The sling bullet closely misses the orc.
The orc hits you with a +0 dagger. The orc barely misses you.
The orc hits you with a +0 club.
* * * LOW HITPOINT WARNING * * *
The orc hits you with a +0 dagger.
* * * LOW HITPOINT WARNING * * *
You feel better. The orc hits you with a +0 club.
* * * LOW HITPOINT WARNING * * *
The orc hits you with a +0 dagger.
* * * LOW HITPOINT WARNING * * *
Fire: a) +1 sling
Press: ? - help, Q - select action, (/) - cycle Shift-Dir - straight line, f - orc, p - orc
Aim: an orc, wielding a +0 dagger (63% to hit)
Okay, then.
Unknown command.
You fade into invisibility!
The orc completely misses you. The orc closely misses you.
Fire: a) +1 sling
Press: ? - help, Q - select action, (/) - cycle Shift-Dir - straight line, f/p - orc
Aim: an orc, wielding a +0 club and wearing a +0 chain mail (lightly wounded, unable to see you, 70% to hit)
You shoot a sling bullet. The sling bullet hits the orc.
You kill the orc!
The orc hits you with a +0 dagger.
* * * LOW HITPOINT WARNING * * *
Fire: a) +1 sling
Press: ? - help, Q - select action, (/) - cycle Shift-Dir - straight line, f - orc, p - orc
Aim: an orc, wielding a +0 dagger (unable to see you, 63% to hit)
You shoot a sling bullet. The sling bullet barely misses the orc.
Something hits you.
* * * LOW HITPOINT WARNING * * *
The orc hits you with a +0 dagger.
You die...

#.### ### ....##...
#{..#..# #.....##
#...... ## #....# ...
.. #....# ....
.##.#.#####....#.....
......o@{o.....#.....
......#####..........
.. ...............#....
..#
##.###.......†..#####.#
.. #......).........##
. #.######...........
.. ###.#........ .
#..........#
#....<.....#


You could see 2 orcs.

Vanquished Creatures
  Robin (D:2)
  2 adders (D:2)
  A worm (D:2)
  2 dart slugs
  2 orcs (D:3)
  3 endoplasms (D:1)
  2 giant cockroaches
  7 goblins (D:2)
  3 hobgoblins
  6 kobolds
  2 ball pythons (D:1)
  3 bats
  4 frilled lizards
  2 rats (D:1)
40 creatures vanquished.

Notes
Turn   | Place    | Note
-------+----------+-------------------------------------------
     0 | D:1      | frimble the Demonspawn Hexslinger began the quest for the
                  | Orb.
     0 | D:1      | Reached XP level 1. HP: 15/15 MP: 2/2
   406 | D:1      | Gained mutation: You regenerate a little health from kills.
                  | [demonic ancestry]
   406 | D:1      | Reached XP level 2. HP: 21/21 MP: 3/3
   547 | D:1      | Found a faded altar of an unknown god.
   907 | D:2      | Reached XP level 3. HP: 22/26 MP: 5/5
   970 | D:2      | Found Toghouqa's Magic Scroll Boutique.
   978 | D:2      | Bought 2 scrolls of teleportation for 66 gold pieces
  1210 | D:2      | Found Asexesh's General Store.
  1373 | D:2      | Noticed Robin
  1420 | D:2      | Killed Robin
  1712 | D:2      | Reached XP level 4. HP: 31/33 MP: 6/6
  1849 | D:3      | HP: 1/33 [something (3)]
  1849 | D:3      | Slain by an orc

Illustrated notes

Levels and vault maps discovered:
D:1:      dpeg_arrival_rooms_with_view, layout_rooms,
          hellmonk_ecumenical_altar_zigzags
D:2:      layout_loops_ring, serial_shops, shop, shop_fountains,
          dk_noncrumbling_2, uniq_robin
D:3:      layout_rooms

Skill      XL: |  1  2  3  4 |
---------------+-------------+-----
Ranged Weapons | 2 |  2.3
Dodging        | 2 |  2.3
Fighting       | 2 |  2.0
Spellcasting   | |  1.7
Hexes          | |  3.4

Action                   |  1- 3 |  4- 6 || total
-------------------------+-------+-------++-------
 Fire: Sling             |   108 |    30 ||   138
 Cast: Slow              |     2 |       ||     2
  Use: Scroll            |     4 |       ||     4
       Potion            |     1 |     2 ||     3
Armor: Robe              |    15 |     7 ||    22
Dodge: Dodged            |    34 |    17 ||    51

Table legend: (Time is in decaauts)
 A = Elapsed time spent in this place.
 B = Non-inter-level travel time spent in this place.
 C = Inter-level travel time spent in this place.
 D = Time resting spent in this place.
 E = Time spent auto-exploring this place.
 F = Levels seen in this place.
 G = Mean time per level.
                   A        B        C        D        E       F      G
               +--------+--------+--------+--------+--------+-----+--------+
         Total |   1875 |   1848 |     27 |      0 |   1558 |   3 |  625.0 |
       Dungeon |   1875 |   1848 |     27 |      0 |   1558 |   3 |  625.0 |
               +--------+--------+--------+--------+--------+-----+--------+

Top non-repeatable levels by time:
     D:2: 974 daAuts
     D:1: 850 daAuts
     D:3: 51 daAuts
